Map: Frostline LE

Players

SayGG - Winner!

  • Race: Zerg Zerg
  • League: Diamond
  • Spawn Location: 1:00

GangusKaun

  • Race: Protoss Protoss
  • League: Gold
  • Spawn Location: 7:00

VOD

Have the link to the VOD?

Description

Time

  • Played on: Dec. 4, 2024, 9:17 a.m.
  • Length: 17:19
Show
View Real Time Build Order
Export as new Build Order

SayGG Zerg - Winner!

Build Orders: Pool First, Lurkers 

Get SALT Encoding   

  12  0:00  Drone  
  13  0:08  Drone  
  13  0:12  Extractor  
  13  0:15  Drone  
  15  0:31  Spawning Pool  
  14  0:36  Drone, Extractor  
  15  1:01  Overlord  
  15  1:06  Hatchery  
  14  1:20  Zergling x6  
  14  1:25  Queen  
  19  1:33  Drone  
  20  1:42  Drone  
  21  1:52  Hatchery  
  20  2:01  Drone  
  21  2:04  Drone  
  21  2:05  Extractor  
  21  2:19  Drone x2  
  23  2:25  Drone  
  25  2:37  Drone x4  
  27  2:45  Overlord  
  27  2:50  Roach Warren  
  24  2:54  Queen, Extractor  
  24  2:58  Drone  
  26  3:07  Drone x2  
  26  3:08  Drone  
  26  3:10  Drone  
  30  3:16  Spore Crawler  
  29  3:26  Drone  
  30  3:29  Metabolic Boost  
  30  3:33  Drone  
  31  3:38  Spore Crawler  
  30  3:41  Queen  
  30  3:44  Drone  
  33  3:53  Overlord  
  33  3:57  Roach x2  
  37  4:08  Spore Crawler  
  36  4:11  Lair  
  36  4:12  Drone  
  36  4:14  Drone  
  36  4:16  Drone  
  39  4:19  Drone  
  40  4:36  Zergling x2  
  40  4:37  Zergling x10  
  46  4:44  Drone x4  
  50  4:56  Overlord x2  
  50  5:09  Spire  
  50  5:10  Drone  
  50  5:14  Drone x2  
  50  5:15  Drone  
  50  5:16  Drone x4  
  57  5:24  Drone x3  
  57  5:25  Drone x2  
  62  5:30  Overseer  
  62  5:37  Drone  
  62  5:38  Drone  
  62  5:41  Extractor  
  62  5:42  Drone x3  
  66  5:43  Extractor  
  66  5:48  Extractor  
  64  6:09  Drone  
  64  6:10  Drone  
  66  6:12  Overlord x4  
  66  6:13  Overlord  
  66  6:19  Evolution Chamber x2, Hatchery, Drone x2  
  66  6:20  Drone  
  66  6:39  Mutalisk x3  
  66  6:40  Mutalisk x5  
  82  6:49  Drone x2  
  82  6:50  Drone  
  82  6:51  Drone  
  86  6:55  Drone  
  86  6:56  Drone x3  
  86  6:59  Drone x2  
  86  7:00  Drone x2  
  94  7:06  Mutalisk  
  96  7:09  Mutalisk  
  96  7:12  Overseer  
  96  7:15  Pneumatized Carapace  
  98  7:17  Hatchery  
  97  7:26  Zerg Melee Weapons Level 1  
  98  7:30  Drone x3, Extractor  
  98  7:31  Drone  
  98  7:32  Drone x2  
  103  7:37  Drone x7  
  103  7:40  Zerg Ground Armor Level 1  
  109  7:45  Infestation Pit  
  109  7:47  Hydralisk Den  
  107  7:55  Roach x2  
  111  8:00  Overlord x4  
  111  8:33  Roach x3  
  111  8:34  Roach x16  
  149  8:51  Zergling x2  
  149  8:53  Overlord x6  
  150  9:19  Extractor  
  150  9:20  Spore Crawler, Extractor  
  150  9:22  Spore Crawler  
  146  9:25  Muscular Augments  
  146  9:27  Zerg Missile Weapons Level 1  
  146  9:31  Hive  
  146  9:33  Zerg Melee Weapons Level 2  
  146  9:36  Overlord x4, Hatchery  
  145  9:39  Glial Reconstitution  
  145  9:42  Burrow  
  145  9:45  Drone x4  
  148  9:47  Drone x2  
  148  9:48  Drone x4  
  148  9:49  Drone x2  
  148  9:50  Drone x2  
  159  10:02  Drone x3  
  159  10:03  Drone x3  
  165  10:18  Drone  
  165  10:19  Lurker Den  
  165  10:25  Roach x4  
  173  10:29  Grooved Spines  
  171  10:58  Tunneling Claws  
  171  11:01  Adrenal Glands  
  171  11:24  Hydralisk  
  171  11:25  Hydralisk x6  
  185  11:48  Overseer x3  
  185  11:50  Spore Crawler  
  185  11:51  Spore Crawler  
  183  11:56  Lurker  
  183  11:57  Lurker x5  
  189  12:07  Seismic Spines  
  189  12:17  Lurker  
  189  12:22  Hydralisk x5  
  192  12:26  Extractor  
  192  12:28  Extractor  
  198  12:39  Hatchery, Greater Spire  
  197  12:50  Hatchery  
  197  12:51  Drone x3  
  199  12:52  Drone, Hatchery  
  199  12:54  Drone  
  200  13:01  Hatchery  
  200  13:04  Adaptive Talons  
  197  13:31  Zerg Missile Weapons Level 2  
  197  13:32  Zerg Melee Weapons Level 3  
  197  13:38  Evolution Chamber  
  196  13:44  Spine Crawler  
  196  13:45  Spine Crawler  
  196  13:46  Spine Crawler  
  196  13:47  Spine Crawler  
  192  13:48  Spine Crawler  
  192  13:49  Spore Crawler  
  192  13:50  Spine Crawler, Drone  
  192  13:51  Spore Crawler  
  192  13:52  Drone x5  
  192  13:53  Drone x3  
  197  13:55  Drone  
  197  13:56  Drone  
  197  14:21  Hydralisk  
  197  14:22  Hydralisk  
  198  14:41  Unknown  
  194  14:54  Zerg Ground Armor Level 2  
  194  15:03  Hydralisk x2  
  194  15:04  Hydralisk  
  198  15:55  Hydralisk x9  
  183  16:42  Spore Crawler  
  183  16:45  Spore Crawler  
Show
View Real Time Build Order
Export as new Build Order

GangusKaun Protoss 

Build Orders: 1 Gate Expand 

Get SALT Encoding   

  12  0:00  Probe  
  13  0:19  Pylon  
  13  0:20  Probe  
  14  0:32  Probe  
  15  0:43  Gateway  
  15  0:44  Probe  
  16  0:52  Assimilator  
  16  0:56  Probe  
  17  1:12  Probe  
  18  1:24  Probe  
  19  1:30  Nexus  
  19  1:45  Cybernetics Core  
  19  1:50  Probe  
  20  2:00  Gateway  
  20  2:05  Probe  
  9  2:50  Pylon  
  6  2:51  Probe  
  6  2:55  Probe  
  7  3:00  Probe  
  7  3:03  Probe  
  9  3:09  Probe  
  11  3:13  Probe  
  11  3:14  Shield Battery  
  12  3:22  Probe  
  13  3:30  Probe  
  13  3:34  Probe  
  15  3:48  Adept  
  15  3:54  Probe x2  
  18  4:02  Probe  
  19  4:03  Probe  
  21  4:18  Probe  
  21  4:19  Pylon  
  22  4:27  Assimilator  
  22  4:28  Probe  
  22  4:30  Probe  
  24  4:32  Warp Gate  
  24  4:39  Adept  
  24  4:40  Probe  
  24  4:42  Probe  
  28  4:52  Probe  
  29  4:55  Probe  
  30  5:04  Probe  
  31  5:08  Probe  
  31  5:12  Stargate  
  32  5:16  Probe  
  32  5:20  Probe  
  34  5:21  Assimilator  
  34  5:29  Pylon  
  34  5:33  Probe  
  34  5:34  Probe  
  36  5:40  Shield Battery  
  36  5:46  Probe  
  37  5:54  Assimilator  
  37  5:56  Probe  
  38  5:59  Probe  
  39  6:06  Oracle  
  39  6:08  Probe  
  43  6:17  Pylon  
  43  6:20  Stalker x2  
  47  6:44  Probe  
  48  6:47  Oracle  
  51  6:55  Pylon  
  51  7:05  Gateway  
  51  7:07  Twilight Council  
  51  7:08  Forge  
  51  7:16  Shield Battery  
  51  7:19  Pylon, Probe x2  
  57  7:42  Void Ray  
  57  8:00  Pylon  
  57  8:02  Nexus  
  55  8:18  Stalker x2  
  49  8:33  Gateway  
  49  8:34  Templar Archives  
  49  8:36  Photon Cannon  
  49  8:38  Photon Cannon  
  49  8:39  Photon Cannon  
  49  8:40  Photon Cannon  
  49  8:41  Photon Cannon  
  49  8:42  Photon Cannon  
  47  8:58  Pylon  
  47  9:01  Phoenix  
  46  9:03  Stalker  
  43  9:13  High Templar  
  45  9:28  Gateway  
  45  9:29  Gateway  
  45  9:41  Stargate  
  45  9:42  Shield Battery  
  45  9:45  Pylon  
  45  9:46  Probe x2  
  47  10:12  Phoenix  
  49  10:23  High Templar x2  
  49  10:24  High Templar  
  49  10:27  Archon  
  49  10:28  Archon  
  48  11:00  Phoenix  
  48  11:04  Probe  
  48  11:09  Probe  
  52  11:12  Probe  
  52  11:14  Protoss Ground Weapons Level 1  
  53  11:19  Charge  
  53  11:20  Phoenix  
  53  11:21  Probe x2  
  57  11:33  Probe  
  57  11:34  Pylon  
  57  11:35  Pylon  
  57  11:36  Shield Battery  
  58  11:43  Probe  
  58  11:46  Pylon, Probe  
  60  11:47  Pylon  
  60  11:48  High Templar  
  60  11:52  High Templar  
  64  11:55  Probe  
  64  11:56  Archon  
  64  11:58  Probe  
  66  12:05  Photon Cannon  
  66  12:10  Photon Cannon  
  66  12:16  Probe x2  
  66  12:22  Phoenix  
  70  12:45  Robotics Facility  
  70  12:50  Pylon  
  70  13:14  Nexus  
  70  13:19  Pylon  
  70  13:21  Assimilator  
  70  13:26  Probe x2  
  72  13:28  Immortal  
  72  13:33  Phoenix  
  74  13:35  Phoenix  
  74  13:38  Probe x2  
  82  13:50  Probe x2  
  84  13:56  Shield Battery  
  84  13:59  Photon Cannon  
  84  14:05  Probe x2  
  79  14:47  Zealot x6  
  91  14:59  Photon Cannon  
  85  15:21  Probe  
  85  15:22  Probe x2  
  85  15:23  Assimilator  
  85  15:25  Phoenix x2  
  85  15:26  Immortal  
  96  15:33  Pylon x2  
  96  15:37  High Templar x4  
  96  15:41  Archon x2  
  102  15:56  Immortal  
  56  16:16  Zealot x4  
  56  16:17  Zealot x2  
  41  17:00  Zealot x3  
  25  17:15  Dark Shrine  
Tags
 
Add a new tag
Caveats
  • Supply blocks, unpowered buildings, or Contaminate may cause inaccurate times.
  • Supply counts are checked every 10 seconds.